 Dungeon Crawl Stone Soup version 0.31.0-12-g77e489cdc1 (webtiles) character file.

Game seed: 1412774360270026342

760 Curundu the Chopper (level 7, 0/61 HPs)
             Began as a Yellow Draconian Berserker on Feb 25, 2024.
             Was a Priest of Trog.
             Slain by a gnoll
             ... wielding a +0 halberd
              (8 damage)
             ... on level 4 of the Dungeon.
             The game lasted 00:09:09 (2369 turns).

Curundu the Chopper (Yellow Draconian Berserker)    Turns: 2369, Time: 00:09:10

Health: 0/61       AC:  7    Str: 27    XL:     7   Next: 50%
Magic:  7/7        EV: 12    Int:  9    God:    Trog [***...]
Gold:   58         SH:  5    Dex: 11    Spells: 6/6 levels left

rFire   . . .        r - +7 hammer "Janweo" {flame, rCorr Int+2 Stlth+}
rCold   . . .        (no shield)
rNeg    . . .        (body armour unavailable)
rPois   +            (helmet restricted)
rElec   .            s - +0 cloak
rCorr   +            (no gloves)
SInv    .            (no boots)
Will    ++...        f - amulet of reflection
Stlth   +++          h - ring of poison resistance
HPRegen 1.30/turn    c - +6 ring of strength
MPRegen 0.10/turn

%: reflection
@: strong-willed, regenerating
A: spit acid, AC +6, unfitting armour, cold-blooded, acid resistance
a: Breathe Acid, Renounce Religion, Berserk, Trog's Hand


You were on level 4 of the Dungeon.
You worshipped Trog.
Trog was most pleased with you.
You visited 1 branch of the dungeon, and saw 4 of its levels.

You collected 58 gold pieces.

Inventory:

Hand Weapons
 a - a +0 hand axe
 r - the +7 hammer "Janweo" (weapon) {flame, rCorr Int+2 Stlth+}
   (You found it on level 2 of the Dungeon)

   Int+2:     It affects your intelligence (+2).
   rCorr:     It protects you from acid and corrosion.
   Stlth+:    It makes you more stealthy.
Missiles
 b - a throwing net
Armour
 s - a +0 cloak (worn)
Jewellery
 c - a +6 ring of strength (right hand)
 e - a ring of positive energy
 f - an amulet of reflection (around neck)
 h - a ring of poison resistance (left hand)
 p - an amulet of guardian spirit
Wands
 w - a wand of iceblast (12)
Scrolls
 g - a scroll of vulnerability {unknown}
 i - 3 scrolls of teleportation {unknown}
 k - 2 scrolls of silence {unknown}
 m - a scroll of fog {unknown}
 n - 6 scrolls of identify {unknown}
 o - a scroll of poison {unknown}
 t - a scroll of revelation {unknown}
 u - 2 scrolls of immolation {unknown}
 v - a scroll of noise {unknown}
Potions
 d - 3 potions of curing {unknown}
 j - 2 potions of attraction {unknown}
 l - a potion of heal wounds {unknown}
 q - 2 potions of haste {unknown}
 x - a potion of enlightenment {unknown}


   Skills:
 + Level 5.3 Fighting
 + Level 5.8 Axes
 - Level 3.2 Dodging
 + Level 2.8 Stealth
 * Level 3.7 Shields


You had 6 spell levels left.
You didn't know any spells.
Your spell library was empty.

Dungeon Overview and Level Annotations

Branches:
Dungeon (4/15)
 Temple: D:4-7

Altars:
Gozag


Innate Abilities, Weirdness & Mutations

You can spit globs of acid.
Your golden yellow scales are hard. (AC +6)
You cannot fit into any form of body armour.
You are cold-blooded and may be slowed by cold attacks.
You are resistant to acid. (rCorr)


Message History

The gnoll hits you from afar with a +0 spear!
You completely miss the orc priest. The orc hits you but does no damage.
The gnoll hits you but does no damage. You block the orc's attack.
The orc priest hits you with a +0 club. The orc closely misses you.
The gnoll closely misses you. The gnoll misses you.
The orc hits you but does no damage.
You hit the orc priest but do no damage.
You tail-slap the orc priest.
The orc priest is lightly wounded.
The gnoll hits you but does no damage. The orc hits you but does no damage.
The orc priest barely misses you. The orc barely misses you.
You block the gnoll's attack. The gnoll barely misses you.
The orc hits you but does no damage.
You sock the orc priest! You burn the orc priest.
Your tail-slap misses the orc priest.
The orc priest is severely wounded.
The gnoll hits you with a +0 club. The orc closely misses you.
The orc priest hits you but does no damage.
The orc hits you but does no damage. The gnoll barely misses you. x2
The orc hits you but does no damage.
You barely miss the orc priest.
The orc priest is severely wounded.
The gnoll closely misses you. You block the orc's attack.
The gnoll hits you from afar with a +0 spear.
The gnoll hits you with a +0 halberd! The orc priest barely misses you.
The orc hits you but does no damage. The orc closely misses you. x2
The orc priest barely misses you. The gnoll barely misses you.
The gnoll hits you but does no damage. The orc hits you with a +0 scimitar!
* * * LOW HITPOINT WARNING * * *
The gnoll barely misses you.
Your skin crawls.
You feel strong-willed. The orc barely misses you.
The gnoll hits you with a +0 club.
* * * LOW HITPOINT WARNING * * *
The orc priest hits you but does no damage.
The orc barely misses you. The orc closely misses you.
The gnoll hits you from afar with a +0 spear.
* * * LOW HITPOINT WARNING * * *
The gnoll hits you with a +0 halberd!
You die...

... .# . ##.. .# .. ...
.## ... #.. .. ..#og .#
ogg#.# ##go.####
#)o@o...# #.go....# #
##..)...?# # ####
#.......##
#####..#########..#.#
...##.#.........#.......
##.##.#.≈≈≈≈≈≈≈.#.#####.
....#.#≈..≈≈≈..≈###
...##.#≈.≈...≈.≈#


You could see an orc priest, 3 gnolls, 5 orcs, a hobgoblin and a goblin.

Vanquished Creatures
  Pikel (D:4)
  A scorpion (D:4)
  A bombardier beetle (D:3)
  Crazy Yiuf (D:2)
  An orc wizard (D:4)
  Robin (D:3)
  2 gnolls
  6 adders
  3 dart slugs
  3 ribbon worms
  6 orcs (D:4)
  10 ball pythons
  5 endoplasms
  3 giant cockroaches
  18 goblins
  11 hobgoblins
  7 kobolds
  2 quokkas (D:1)
  3 bats
  3 frilled lizards
  2 rats (D:1)
90 creatures vanquished.

Notes
Turn   | Place    | Note
-------+----------+-------------------------------------------
     0 | D:1      | Curundu the Draconian Berserker began the quest for the
                  | Orb.
     0 | D:1      | Reached XP level 1. HP: 19/19 MP: 1/1
    59 | D:1      | Reached XP level 2. HP: 17/26 MP: 2/2
   310 | D:1      | Reached XP level 3. HP: 29/33 MP: 3/3
   447 | D:1      | Reached ** piety under Trog
   965 | D:2      | Reached XP level 4. HP: 30/40 MP: 4/4
   979 | D:2      | Reached skill level 1 in Stealth
  1416 | D:2      | Identified the +7 hammer "Janweo" {flame, rCorr Int+2
                  | Stlth+}
  1419 | D:2      | Found a runed translucent door.
  1420 | D:2      | Noticed Crazy Yiuf
  1430 | D:2      | Killed Crazy Yiuf
  1890 | D:3      | Noticed Robin
  1894 | D:3      | Reached XP level 5. HP: 45/46 MP: 5/5
  1900 | D:3      | Reached skill level 1 in Shields
  1904 | D:3      | Killed Robin
  1979 | D:3      | Reached *** piety under Trog
  2094 | D:4      | Noticed a lemure
  2099 | D:4      | Noticed Pikel
  2101 | D:4      | Noticed a lemure
  2102 | D:4      | Noticed a lemure
  2104 | D:4      | Noticed a lemure
  2110 | D:4      | Reached XP level 6. HP: 22/53 MP: 6/6
  2112 | D:4      | Killed Pikel
  2113 | D:4      | Reached skill level 5 in Fighting
  2113 | D:4      | Reached skill level 5 in Axes
  2113 | D:4      | Your scales start taking on a golden yellow colour.
  2113 | D:4      | Reached XP level 7. HP: 14/61 MP: 7/7
  2113 | D:4      | Gained mutation: You are resistant to acid. (rCorr) [Yellow
                  | Draconian growth]
  2330 | D:4      | Found an opulent altar of Gozag.
  2369 | D:4      | Slain by a gnoll

Illustrated notes

Levels and vault maps discovered:
D:1:      matt_arrival_refuge, layout_loops_cross
D:2:      cheibrodos_helix_gallery, layout_basic, minmay_vboxes,
          uniq_crazy_yiuf_cottage
D:3:      minmay_bubble_buster, layout_rooms, old_standard_altar,
          nicolae_overflow_crystal_walls, old_standard_altar,
          ebering_ecumenical_altar_box, chequers_jeans, serial_bayou_ford_a,
          skrybe_limestone_x, minmay_close_crescents, uniq_robin
D:4:      layout_basic, mainiacjoe_overflow_paths, uniq_pikel, uniq_eustachio,
          uniq_pargi

Skill      XL: |  1  2  3  4  5  6 |
---------------+-------------------+-----
Dodging        | 3 |  3.2
Fighting       | 4 5 |  5.3
Stealth        | 1 2 |  2.8
Axes           | 4 5 |  5.8
Shields        | 2 3 |  3.7

Action                     |  1- 3 |  4- 6 |  7- 9 || total
---------------------------+-------+-------+-------++-------
  Melee: Hand axe          |    97 |    35 |       ||   132
         Tailslap          |     6 |     4 |     3 ||    13
         Mace              |       |    59 |    15 ||    74
         Punch             |       |     2 |       ||     2
 Invoke: Trog's Hand       |       |     2 |     1 ||     3
         Berserk           |       |     2 |       ||     2
   Stab: Sleeping          |     1 |     3 |       ||     4
 Armour: Skin              |    49 |    57 |    39 ||   145
  Dodge: Dodged            |    63 |    61 |    40 ||   164
  Block: Other             |    18 |    24 |     7 ||    49
